Map: Paladino Terminal LE

Players

TRUE - Winner!

  • Race: Zerg Zerg
  • Spawn Location: 5:00

Cham

  • Race: Zerg Zerg
  • Spawn Location: 9:00

Event: WCS Austin 2017

VOD

Have the link to the VOD?

Description

Time

  • Played on: April 29, 2017, 8:19 p.m.
  • Length: 5:12

All games in this series

Show
View Real Time Build Order
Export as new Build Order

TRUE Zerg - Winner!

Build Orders: Pool First, Zergling Baneling 

Get SALT Encoding   

  12  0:00  Drone  
  13  0:15  Extractor  
  12  0:24  Spawning Pool  
  11  0:29  Drone  
  11  0:34  Drone  
  13  0:39  Drone  
  14  0:50  Overlord  
  14  1:11  Queen  
  14  1:14  Zergling x2  
  17  1:20  Metabolic Boost  
  17  1:25  Zergling x2  
  18  1:29  Drone  
  18  1:32  Drone  
  20  1:41  Drone  
  21  1:59  Hatchery  
  20  2:03  Zergling x2  
  20  2:06  Zergling x2  
  22  2:15  Overlord  
  22  2:24  Baneling Nest  
  22  2:28  Zergling x2  
  22  2:33  Zergling x2  
  24  2:37  Zergling x2  
  24  2:41  Zergling x2  
  25  2:47  Zergling x2  
  26  2:53  Zergling x2  
  26  2:54  Zergling x2  
  26  2:58  Zergling x2  
  28  3:13  Zergling x4  
  30  3:20  Baneling  
  30  3:22  Baneling x3  
  30  3:23  Baneling  
  30  3:24  Zergling x2  
  31  3:28  Zergling x2  
  31  3:31  Zergling x2  
  33  3:35  Baneling  
  33  3:39  Zergling x2  
  34  3:41  Baneling  
  34  3:49  Zergling x2  
  30  3:56  Zergling x4  
  30  3:58  Baneling  
  30  3:59  Baneling  
  31  4:10  Zergling x4  
  31  4:13  Zergling x2  
  33  4:20  Zergling x2  
  33  4:23  Zergling x2  
  34  4:25  Baneling  
  34  4:29  Baneling  
  34  4:30  Baneling  
  34  4:36  Zergling x2  
  32  4:42  Zergling x2  
  31  4:47  Zergling x2  
  31  4:50  Zergling x2  
  32  4:53  Zergling x2  
Show
View Real Time Build Order
Export as new Build Order

Cham Zerg 

Build Orders: Hatch First 

Get SALT Encoding   

  12  0:00  Drone  
  13  0:08  Drone  
  14  0:17  Overlord  
  14  0:36  Drone  
  15  0:47  Hatchery  
  14  0:53  Drone  
  14  0:55  Drone  
  16  1:00  Drone  
  17  1:15  Spawning Pool  
  16  1:21  Drone  
  16  1:23  Drone  
  18  1:27  Drone  
  18  1:29  Extractor  
  18  1:38  Overlord  
  18  2:02  Queen  
  18  2:03  Zergling x2  
  18  2:04  Zergling x2  
  18  2:05  Spine Crawler  
  21  2:12  Queen  
  23  2:17  Zergling x2  
  23  2:20  Zergling x2  
  25  2:24  Zergling x2  
  25  2:28  Zergling x2  
  27  2:36  Zergling x2  
  28  2:41  Zergling x2  
  29  2:48  Metabolic Boost  
  29  2:56  Zergling x4  
  31  3:00  Overlord  
  31  3:05  Drone  
  31  3:08  Drone  
  31  3:12  Drone  
  33  3:15  Drone  
  34  3:20  Drone  
  34  3:26  Drone  
  36  3:29  Drone  
  36  3:30  Drone  
  38  3:39  Baneling Nest  
  38  3:40  Drone  
  38  3:51  Zergling x2  
  38  3:52  Zergling x4  
  32  3:56  Zergling x2  
  32  3:57  Zergling x4  
  32  3:59  Zergling x2  
  32  4:02  Zergling x2  
  34  4:05  Zergling x2  
  34  4:07  Zergling x2  
  34  4:17  Zergling x2  
  33  4:21  Zergling x2  
  33  4:22  Zergling x2  
  33  4:23  Baneling x3  
  31  4:27  Zergling x2  
  29  4:32  Zergling x2  
  28  4:39  Zergling x4  
  28  4:45  Zergling x2  
  30  4:46  Zergling x2  
  30  4:51  Baneling  
  29  4:53  Zergling x2  
Tags
 
Add a new tag
Caveats
  • Supply blocks, unpowered buildings, or Contaminate may cause inaccurate times.
  • Supply counts are checked every 10 seconds.